 Dungeon Crawl Stone Soup version 0.23.0-2-g0fe3ce5 (webtiles) character file.

Game seed: 7826270749744977235

15747 vishdafish the Thaumaturge (level 12, -2/94 HPs)
             Began as a Gnoll Skald on Feb 19, 2019.
             Was a High Priest of Cheibriados.
             Slain by a gargoyle
             ... wielding a +0 morningstar
              (4 damage)
             ... on level 12 of the Dungeon.
             The game lasted 00:22:48 (8868 turns).

vishdafish the Thaumaturge (Gnoll Skald)            Turns: 8868, Time: 00:22:49

Health: -2/94      AC: 16    Str: 28    XL:     12   Next: 30%
Magic:  24/24      EV: 18    Int: 33    God:    Cheibriados [*****.]
Gold:   639        SH:  3    Dex: 27    Spells: 23/28 levels left

rFire    . . .     SeeInvis .   F - +7 Singing Sword {slice, sonic wave}
rCold    . . .     Gourm    .   (no shield)
rNeg     + . .     Faith    .   q - +0 pearl dragon scales
rPois    .         Spirit   .   C - +0 helmet
rElec    .         Reflect  +   I - +0 cloak
rCorr    .         Harm     .   (no gloves)
MR       .....                  (no boots)
Stlth    +++.......             y - +3 amulet of reflection
HPRegen  0.25/turn              (no ring)
MPRegen  0.19/turn              (no ring)

@: singing, very slow
A: distributed training, fangs 1, strong nose
a: Bend Time, Temporal Distortion, Slouch, Step From Time, Renounce Religion


You were on level 12 of the Dungeon.
You worshipped Cheibriados.
Cheibriados was extremely pleased with you.
You were not hungry.

You visited 2 branches of the dungeon, and saw 13 of its levels.

You collected 639 gold pieces.

Inventory:

Hand Weapons
 F - the +7 Singing Sword (weapon) {slice, sonic wave}
   (You found it on level 6 of the Dungeon)

   It inflicts extra damage upon your enemies.
 L - the +12 glaive of Prune {chop}
   (You found it on level 7 of the Dungeon)

   It inflicts extra damage upon your enemies.
Missiles
 u - 11 tomahawks (quivered)
Armour
 q - +0 pearl dragon scales (worn)
 w - a +0 chain mail of cold resistance
 C - a +0 helmet (worn)
 I - a +0 cloak (worn)
Jewellery
 y - a +3 amulet of reflection (around neck)
 D - an uncursed amulet of the acrobat
 K - an uncursed ring of ice
Wands
 j - a wand of polymorph (15)
 r - a wand of flame (25)
 A - a wand of digging (12)
 E - a wand of disintegration (20)
 G - a wand of iceblast (10)
 H - a wand of acid (11)
 N - a wand of paralysis (8)
Scrolls
 g - 2 scrolls of fear
 m - 4 scrolls of enchant weapon
 n - 3 scrolls of teleportation {unknown}
 o - 2 scrolls of magic mapping
 p - a scroll of summoning {unknown}
 s - a scroll of amnesia {unknown}
 t - 6 scrolls of enchant armour
 J - 3 scrolls of immolation {unknown}
 M - a scroll of torment {unknown}
 O - a scroll of fog {unknown}
Potions
 a - a potion of magic {unknown}
 b - a potion of haste {unknown}
 c - 3 potions of invisibility
 e - 3 potions of brilliance {unknown}
 f - 2 potions of flight {unknown}
 h - 7 potions of might
 i - a potion of cancellation {unknown}
 k - 5 potions of curing
 l - a potion of ambrosia {unknown}
 v - 2 potions of mutation {unknown}
 x - a potion of agility {unknown}
 B - a potion of berserk rage {unknown}
 P - 3 potions of heal wounds {unknown}
Comestibles
 d - 19 rations
 z - 5 chunks of flesh


   Skills:
 + Level 8.5 Fighting
 + Level 7.0 Short Blades
 + Level 8.5 Long Blades
 + Level 7.0 Axes
 + Level 7.0 Maces & Flails
 + Level 7.0 Polearms
 + Level 7.0 Staves
 + Level 7.0 Slings
 + Level 7.0 Bows
 + Level 7.0 Crossbows
 + Level 7.0 Throwing
 + Level 7.5 Armour
 + Level 8.5 Dodging
 + Level 7.0 Stealth
 + Level 7.0 Shields
 + Level 7.0 Unarmed Combat
 + Level 8.7 Spellcasting
 + Level 5.8 Conjurations
 + Level 5.8 Hexes
 + Level 8.1 Charms
 + Level 5.8 Summonings
 + Level 5.8 Necromancy
 + Level 5.8 Translocations
 + Level 5.8 Transmutations
 + Level 5.8 Fire Magic
 + Level 5.8 Ice Magic
 + Level 5.8 Air Magic
 + Level 5.8 Earth Magic
 + Level 5.8 Poison Magic
 + Level 7.7 Invocations
 + Level 7.0 Evocations


You had 23 spell levels left.
You knew the following spells:

 Your Spells              Type           Power        Failure   Level  Hunger
a - Infusion              Chrm           ####         1%          1    None
b - Song of Slaying       Chrm           ######..     1%          2    None
c - Shroud of Golubria    Chrm/Tloc      ######....   1%          2    None

Your spell library contained the following spells:

 Spells                   Type           Power        Failure   Level  Hunger
 Beastly Appendage        Tmut           ######       1%          1    None
 Corona                   Hex            ######.      1%          1    None
 Ensorcelled Hibernation  Hex/Ice        ######       1%          2    None
 Sticks to Snakes         Tmut           ######..     1%          2    None
 Confuse                  Hex            ######..     1%          3    None
 Dazzling Spray           Conj/Hex       ######       1%          3    None
 Regeneration             Chrm/Necr      ######....   1%          3    None
 Spectral Weapon          Hex/Chrm       ######..     1%          3    None
 Spider Form              Tmut/Pois      ######....   1%          3    None
 Tukima's Dance           Hex            ######..     1%          3    None
 Ice Form                 Ice/Tmut       ######..     7%          4    None
 Blade Hands              Tmut           ######....   19%         5    ###....


Dungeon Overview and Level Annotations

Branches:
Dungeon (12/15)            Temple (1/1) D:5            Lair (0/6) D:9
    Orc: D:9-12

Altars:
Ashenzari
Cheibriados
Dithmenos
Elyvilon
Fedhas
Hepliaklqana
Kikubaaqudgha
Makhleb
Nemelex Xobeh
Qazlal
Ru
Sif Muna
Trog
Uskayaw
Vehumet
Wu Jian
Xom
Yredelemnul
Zin
The Shining One


Innate Abilities, Weirdness & Mutations

Your experience applies equally to all skills.
You have very sharp teeth.
Your uncanny sense of smell can sniff out nearby items.


Message History

You assume a fearsome visage.
The orc warrior looks frightened!
The soldier ant looks frightened!
The worker ant looks frightened!
The gargoyle is unaffected.
An orc wizard comes into view. It is wielding a -1 dagger.
You feel better.
An orc wizard comes into view. It is wielding a +0 dagger.
The gargoyle hits you with a +0 morningstar!
* * * LOW HITPOINT WARNING * * *
Okay, then.
Press: ? - help, v - describe, . - travel, g - get item
Here: a gargoyle, wielding a +0 morningstar A +0 club.
There is something else lying underneath.
The floor, spattered with blood.
Okay, then.
You slash the gargoyle!
The gargoyle is moderately damaged.
The orc wizard begins to cast a cantrip, but forgets the words!
The gargoyle hits you with a +0 morningstar.
You die...

## #8## #.o. ##... ∆ #)).
#.#a###o. #..††.)9# #@# #.#
### #.# #.# ###+##########.#
#.#
#........(.....########'####
#.........######...........#
#.........'....+...........#
#.........######...........#
# #.........#
#...........####


You could see an orc warrior (fleeing), a gargoyle, a worker ant (fleeing) and
an orc wizard.

Vanquished Creatures
  Erolcha (D:9)
  A hydra (D:11)
  3 two-headed ogres
  A tengu warrior (D:9)
  Nergalle (D:12)
  2 ugly things
  A cyclops (D:11)
  Joseph (D:9)
  A komodo dragon (D:9)
  A tengu conjurer (D:9)
  3 trolls
  2 hippogriffs
  A wraith (D:10)
  8 yaks (D:12)
  A wyvern (D:9)
  A steam dragon (D:11)
  4 soldier ants (D:12)
  Duvessa (D:6)
  5 orc warriors
  A swamp drake (D:9)
  5 ice beasts
  2 sky beasts
  3 phantoms
  2 black bears
  11 ogres
  5 centaurs
  3 crocodiles
  A big kobold (D:12)
  5 bullfrogs
  A water moccasin skeleton (D:10)
  8 scorpions
  Dowan (D:6)
  7 howler monkeys
  A crimson imp (D:12)
  A jelly (D:10)
  2 bullfrog zombies
  A quasit (D:10)
  4 hounds
  Crazy Yiuf (D:2)
  A gnoll shaman (D:5)
  5 orc priests
  4 bullfrog skeletons
  2 centaur skeletons
  Jessica (D:3)
  2 iguanas
  Ijyb (D:5)
  10 orc wizards
  14 worker ants
  A hound zombie (D:5)
  4 hound skeletons
  2 worker ant zombies
  3 gnolls (D:4)
  14 adders
  4 worms
  7 leopard geckos
  39 orcs
  12 bats
  3 giant cockroaches
  12 goblins
  5 hobgoblins
  10 jackals
  10 kobolds
  5 quokkas
  2 ball pythons (D:3)
  6 frilled lizards
  A leopard gecko zombie (D:7)
  A quokka zombie (D:7)
  3 rats
288 creatures vanquished.

Vanquished Creatures (others)
  An orc wizard (D:3)
  A fungus (D:6)
2 creatures vanquished.

Grand Total: 290 creatures vanquished

Notes
Turn   | Place    | Note
-------+----------+-------------------------------------------
     0 | D:1      | vishdafish the Gnoll Skald began the quest for the Orb.
     0 | D:1      | Reached XP level 1. HP: 20/20 MP: 6/6
   157 | D:1      | Reached XP level 2. HP: 25/26 MP: 7/7
   163 | D:1      | Learned a level 2 spell: Song of Slaying
   176 | D:1      | Learned a level 2 spell: Shroud of Golubria
   553 | D:2      | Reached skill level 5 in Spellcasting
   553 | D:2      | Reached XP level 3. HP: 31/31 MP: 7/9
   581 | D:2      | Noticed an ogre
   604 | D:2      | Killed an ogre
   604 | D:2      | Reached skill level 1 in Short Blades
   604 | D:2      | Reached skill level 1 in Axes
   604 | D:2      | Reached skill level 1 in Maces & Flails
   604 | D:2      | Reached skill level 1 in Polearms
   604 | D:2      | Reached skill level 1 in Staves
   604 | D:2      | Reached skill level 1 in Slings
   604 | D:2      | Reached skill level 1 in Bows
   604 | D:2      | Reached skill level 1 in Crossbows
   604 | D:2      | Reached skill level 1 in Throwing
   604 | D:2      | Reached skill level 1 in Stealth
   604 | D:2      | Reached skill level 1 in Shields
   604 | D:2      | Reached skill level 1 in Unarmed Combat
   604 | D:2      | Reached skill level 1 in Conjurations
   604 | D:2      | Reached skill level 1 in Hexes
   604 | D:2      | Reached skill level 1 in Summonings
   604 | D:2      | Reached skill level 1 in Necromancy
   604 | D:2      | Reached skill level 1 in Translocations
   604 | D:2      | Reached skill level 1 in Transmutations
   604 | D:2      | Reached skill level 1 in Fire Magic
   604 | D:2      | Reached skill level 1 in Ice Magic
   604 | D:2      | Reached skill level 1 in Air Magic
   604 | D:2      | Reached skill level 1 in Earth Magic
   604 | D:2      | Reached skill level 1 in Poison Magic
   604 | D:2      | Reached skill level 1 in Invocations
   604 | D:2      | Reached skill level 1 in Evocations
   604 | D:2      | Reached XP level 4. HP: 20/38 MP: 2/11
   613 | D:2      | Reached XP level 5. HP: 23/43 MP: 0/12
  1377 | D:2      | Reached XP level 6. HP: 50/50 MP: 9/13
  1628 | D:2      | Found a burning altar of Makhleb.
  1710 | D:2      | Found a runed translucent door.
  1711 | D:2      | Noticed Crazy Yiuf
  1915 | D:2      | Killed Crazy Yiuf
  1968 | D:3      | Noticed Jessica
  1979 | D:3      | Killed Jessica
  1979 | D:3      | Reached skill level 5 in Fighting
  1979 | D:3      | Reached skill level 5 in Long Blades
  1979 | D:3      | Reached skill level 5 in Dodging
  2151 | D:3      | Reached XP level 7. HP: 49/56 MP: 1/15
  2265 | D:3      | Found a stormy altar of Qazlal.
  2266 | D:3      | Found a basalt altar of Yredelemnul.
  3347 | D:4      | Reached XP level 8. HP: 49/63 MP: 1/16
  3498 | D:5      | Entered Level 5 of the Dungeon
  3498 | D:5      | Found a staircase to the Ecumenical Temple.
  3506 | Temple   | Entered the Ecumenical Temple
  3573 | D:5      | Found a radiant altar of Vehumet.
  3582 | D:5      | Noticed Ijyb
  3600 | D:5      | Killed Ijyb
  3737 | D:5      | Found a sacrificial altar of Ru.
  3785 | D:5      | Found a deep blue altar of Sif Muna.
  3799 | D:5      | Found a snail-covered altar of Cheibriados.
  3856 | D:5      | Became a worshipper of Cheibriados the Contemplative
  4056 | D:5      | Got a pitted rapier
  4057 | D:5      | Identified the +7 rapier of Righteous Fury {pierce, rElec}
                  | (You found it on level 5 of the Dungeon)
  4504 | D:6      | Reached * piety under Cheibriados
  4661 | D:6      | Reached XP level 9. HP: 61/69 MP: 18/18
  4679 | D:6      | Noticed Dowan
  4684 | D:6      | Killed Dowan
  4686 | D:6      | Noticed Duvessa
  4711 | D:6      | Killed Duvessa
  4727 | D:6      | Found the +7 Singing Sword {slice, sonic wave}
  4815 | D:6      | Reached ** piety under Cheibriados
  5273 | D:7      | Reached skill level 5 in Armour
  5582 | D:7      | Found the +12 glaive of Prune {chop}
  5724 | D:8      | Noticed a two-headed ogre
  5727 | D:8      | Killed a two-headed ogre
  5727 | D:8      | Reached skill level 5 in Invocations
  5727 | D:8      | Reached XP level 10. HP: 68/77 MP: 20/20
  5737 | D:8      | Reached *** piety under Cheibriados
  5996 | D:8      | Reached skill level 5 in Short Blades
  5996 | D:8      | Reached skill level 5 in Axes
  5996 | D:8      | Reached skill level 5 in Maces & Flails
  5996 | D:8      | Reached skill level 5 in Polearms
  5996 | D:8      | Reached skill level 5 in Staves
  5996 | D:8      | Reached skill level 5 in Slings
  5996 | D:8      | Reached skill level 5 in Bows
  5996 | D:8      | Reached skill level 5 in Crossbows
  5996 | D:8      | Reached skill level 5 in Throwing
  5996 | D:8      | Reached skill level 5 in Stealth
  5996 | D:8      | Reached skill level 5 in Shields
  5996 | D:8      | Reached skill level 5 in Unarmed Combat
  5996 | D:8      | Reached skill level 5 in Evocations
  6699 | D:9      | Noticed a tengu warrior
  6704 | D:9      | Killed a tengu warrior
  6786 | D:9      | Noticed Joseph
  6793 | D:9      | Reached **** piety under Cheibriados
  6795 | D:9      | Noticed Erolcha
  6795 | D:9      | Killed Joseph
  6800 | D:9      | Killed Erolcha
  6800 | D:9      | Reached XP level 11. HP: 68/84 MP: 22/22
  6825 | D:9      | Found a staircase to the Lair.
  7094 | D:10     | Entered Level 10 of the Dungeon
  7168 | D:10     | Reached skill level 5 in Conjurations
  7168 | D:10     | Reached skill level 5 in Hexes
  7168 | D:10     | Reached skill level 5 in Summonings
  7168 | D:10     | Reached skill level 5 in Necromancy
  7168 | D:10     | Reached skill level 5 in Translocations
  7168 | D:10     | Reached skill level 5 in Transmutations
  7168 | D:10     | Reached skill level 5 in Fire Magic
  7168 | D:10     | Reached skill level 5 in Ice Magic
  7168 | D:10     | Reached skill level 5 in Air Magic
  7168 | D:10     | Reached skill level 5 in Earth Magic
  7168 | D:10     | Reached skill level 5 in Poison Magic
  7254 | D:10     | Noticed a two-headed ogre
  7257 | D:10     | Killed a two-headed ogre
  7259 | D:10     | Found a glowing golden altar of the Shining One.
  8056 | D:11     | Noticed a five-headed hydra
  8059 | D:11     | Killed a five-headed hydra
  8061 | D:11     | Noticed a purple ugly thing
  8072 | D:11     | Killed a purple ugly thing
  8099 | D:11     | Reached ***** piety under Cheibriados
  8101 | D:11     | Found a frozen archway.
  8250 | D:11     | Noticed a two-headed ogre
  8253 | D:11     | Killed a two-headed ogre
  8469 | D:11     | Noticed a cyclops
  8477 | D:11     | Killed a cyclops
  8710 | D:12     | Noticed a cyan ugly thing
  8717 | D:12     | Killed a cyan ugly thing
  8717 | D:12     | Reached XP level 12. HP: 93/93 MP: 24/24
  8814 | D:12     | Noticed Nergalle
  8821 | D:12     | Killed Nergalle
  8867 | D:12     | HP: 1/94 [gargoyle/+0 morningstar (17)]
  8868 | D:12     | Slain by a gargoyle

Skill      XL: |  1  2  3  4  5  6  7  8  9 10 11 12 |
---------------+-------------------------------------+-----
Spellcasting   | 5 6 7 8 |  8.7
Short Blades   | 1 2 3 4 5 6 7 |  7.0
Axes           | 1 2 3 4 5 6 7 |  7.0
Maces & Flails | 1 2 3 4 5 6 7 |  7.0
Polearms       | 1 2 3 4 5 6 7 |  7.0
Staves         | 1 2 3 4 5 6 7 |  7.0
Slings         | 1 2 3 4 5 6 7 |  7.0
Bows           | 1 2 3 4 5 6 7 |  7.0
Crossbows      | 1 2 3 4 5 6 7 |  7.0
Throwing       | 1 2 3 4 5 6 7 |  7.0
Stealth        | 1 2 3 4 5 6 7 |  7.0
Shields        | 1 2 3 4 5 6 7 |  7.0
Unarmed Combat | 1 2 3 4 5 6 7 |  7.0
Conjurations   | 1 2 3 4 5 |  5.8
Hexes          | 1 2 3 4 5 |  5.8
Summonings     | 1 2 3 4 5 |  5.8
Necromancy     | 1 2 3 4 5 |  5.8
Translocations | 1 2 3 4 5 |  5.8
Transmutations | 1 2 3 4 5 |  5.8
Fire Magic     | 1 2 3 4 5 |  5.8
Ice Magic      | 1 2 3 4 5 |  5.8
Air Magic      | 1 2 3 4 5 |  5.8
Earth Magic    | 1 2 3 4 5 |  5.8
Poison Magic   | 1 2 3 4 5 |  5.8
Invocations    | 1 2 3 4 5 6 7 |  7.7
Evocations     | 1 2 3 4 5 6 7 |  7.0
Armour         | 3 4 5 6 7 |  7.5
Fighting       | 5 6 7 8 |  8.5
Long Blades    | 5 6 7 8 |  8.5
Dodging        | 5 6 7 8 |  8.5
Charms         | 6 7 8 |  8.1

Action                   |  1- 3 |  4- 6 |  7- 9 | 10-12 || total
-------------------------+-------+-------+-------+-------++-------
Melee: Falchion          |    61 |   116 |   110 |       ||   287
       Bite              |     6 |    10 |    41 |    29 ||    86
       Dagger            |       |       |    57 |       ||    57
       Punch             |       |       |     3 |     8 ||    11
       Rapier            |       |       |    87 |       ||    87
       War axe           |       |       |    52 |       ||    52
       Double sword      |       |       |    47 |   163 ||   210
Throw: Tomahawk          |       |       |     5 |       ||     5
 Cast: Shroud of Golubri |     2 |     1 |     4 |       ||     7
       Infusion          |     1 |     6 |     4 |       ||    11
       Song of Slaying   |       |     1 |     3 |     2 ||     6
Evoke: Wand              |       |       |       |     3 ||     3
  Use: Scroll            |       |       |       |    11 ||    11
       Potion            |       |       |       |     1 ||     1
 Stab: Sleeping          |     1 |     1 |     3 |       ||     5
       Held in net/web   |       |       |     3 |       ||     3
       Confused          |       |       |       |     1 ||     1
  Eat: Chunk             |       |     4 |     8 |     6 ||    18
       Ration            |       |       |     2 |       ||     2
Armor: Leather armour    |    10 |    22 |    28 |       ||    60
       Chain mail        |       |       |   121 |    40 ||   161
       Pearl dragon scal |       |       |       |    25 ||    25
Dodge: Dodged            |    34 |    73 |   225 |   165 ||   497
Block: Other             |       |       |       |     3 ||     3
       Rpst.: Falchion   |    12 |    24 |    26 |       ||    62
       Double sword      |       |       |    15 |    38 ||    53
